[ AOE2 MATCH · #506494533 ]
UnrankedBohemians vs Mongols
Player's team · WIN
Rival team · LOSS
[ REPLAY ANALYSIS · EXTRACTED FROM THE RECORDED GAME ]
Feudal
22:59
Castle
30:28
Imperial
38:10
| APM avg | 37.0 |
| APM peak | 57 |
| eAPM avg | 22.5 |
| Villagers / military | 111 / 18 |
Focus
⚔️ 29.2% · 🌾 70.8%
Archer ×8 · Hussite Wagon ×4 · Monk ×3 · Mangonel ×2 · Bombard Cannon ×1
Feudal
22:46
Castle
29:25
Imperial
—
| APM avg | 47.9 |
| APM peak | 94 |
| eAPM avg | 22.9 |
| Villagers / military | 86 / 3 |
Focus
⚔️ 25.7% · 🌾 74.3%
Mangonel ×3
Match map
Initial resources + every placement click. Lines = walls · curves = elevation contours. ◆ gold · ⬟ stone · ● berries · ✦ relic · ◌ wall gap
Your base· ✓ Closed at 30:28 · 102t walls · no gate
Guthrie_Govan's base· ✓ Closed at 29:25 · 70t walls · 1 gate(s)
Smoothed initial terrain · ◌ = detected wall gap · hover for details
Inputs per minute
— Corzak - - Guthrie_Govan
Build order — Corzak
First 150 of 259 actions detected
| 0:00 | Create | Villager (Male) |
| 0:01 | Create | Villager (Male) |
| 0:01 | Create | Villager (Male) |
| 0:04 | Build | House |
| 0:08 | Research | Loom |
| 0:22 | Build | Palisade Wall |
| 0:24 | Create | Villager (Male) |
| 0:25 | Create | Villager (Male) |
| 0:38 | Create | Villager (Male) |
| 0:38 | Create | Villager (Male) |
| 1:11 | Build | Palisade Wall |
| 1:12 | Build | Palisade Wall |
| 1:50 | Build | House |
| 1:57 | Build | Palisade Wall |
| 2:08 | Create | Villager (Male) |
| 2:20 | Build | Palisade Wall |
| 2:33 | Build | Palisade Wall |
| 2:47 | Create | Villager (Male) |
| 2:51 | Build | Palisade Wall |
| 3:45 | Create | Villager (Male) |
| 3:56 | Build | Palisade Wall |
| 5:13 | Create | Villager (Male) |
| 5:20 | Build | House |
| 5:40 | Create | Villager (Male) |
| 5:40 | Create | Villager (Male) |
| 6:19 | Create | Villager (Male) |
| 6:57 | Build | Palisade Wall |
| 6:58 | Build | Palisade Wall |
| 6:59 | Build | Palisade Wall |
| 7:01 | Build | Palisade Wall |
| 7:16 | Build | Palisade Wall |
| 7:20 | Build | Palisade Wall |
| 7:24 | Build | Palisade Wall |
| 7:27 | Build | Palisade Wall |
| 7:28 | Create | Villager (Male) |
| 7:34 | Create | Villager (Male) |
| 7:34 | Create | Villager (Male) |
| 8:15 | Create | Villager (Male) |
| 8:20 | Build | Palisade Wall |
| 9:57 | Create | Villager (Male) |
| 9:57 | Create | Villager (Male) |
| 10:09 | Build | Palisade Wall |
| 10:12 | Build | Palisade Wall |
| 10:13 | Build | Palisade Wall |
| 10:14 | Create | Villager (Male) |
| 10:20 | Create | Villager (Male) |
| 10:26 | Create | Villager (Male) |
| 10:29 | Create | Villager (Male) |
| 10:33 | Build | House |
| 11:06 | Build | Palisade Wall |
| 11:08 | Build | Palisade Wall |
| 11:18 | Build | Palisade Wall |
| 11:29 | Build | Mill |
| 12:35 | Build | Palisade Wall |
| 12:36 | Build | Palisade Wall |
| 12:52 | Create | Villager (Male) |
| 12:52 | Create | Villager (Male) |
| 13:08 | Create | Villager (Male) |
| 13:37 | Create | Villager (Male) |
| 13:59 | Build | House |
| 14:08 | Create | Villager (Male) |
| 14:34 | Build | House |
| 14:54 | Build | House |
| 15:19 | Build | House |
| 15:21 | Build | House |
| 15:31 | Build | Palisade Wall |
| 15:31 | Build | Palisade Wall |
| 15:38 | Create | Villager (Male) |
| 15:38 | Create | Villager (Male) |
| 15:50 | Build | Palisade Wall |
| 15:52 | Build | Palisade Wall |
| 16:06 | Create | Villager (Male) |
| 16:06 | Create | Villager (Male) |
| 16:21 | Create | Villager (Male) |
| 16:35 | Build | Palisade Wall |
| 16:35 | Build | Palisade Wall |
| 16:43 | Build | Palisade Wall |
| 16:44 | Build | Palisade Wall |
| 16:45 | Build | Palisade Wall |
| 16:46 | Build | Palisade Wall |
| 16:57 | Create | Villager (Male) |
| 17:28 | Build | Lumber Camp |
| 17:46 | Create | Villager (Male) |
| 17:46 | Create | Villager (Male) |
| 17:58 | Create | Villager (Male) |
| 18:14 | Create | Villager (Male) |
| 18:15 | Create | Villager (Male) |
| 18:20 | Create | Villager (Male) |
| 18:20 | Create | Villager (Male) |
| 18:44 | Create | Villager (Male) |
| 18:54 | Build | Palisade Wall |
| 19:03 | Create | Villager (Male) |
| 19:13 | Create | Villager (Male) |
| 19:24 | Create | Villager (Male) |
| 19:56 | Build | Lumber Camp |
| 20:22 | Create | Villager (Male) |
| 20:30 | Build | Barracks |
| 20:36 | Create | Villager (Male) |
| 20:36 | Create | Villager (Male) |
| 20:49 | Research | Feudal Age |
| 21:07 | Build | Mining Camp |
| 21:35 | Build | Palisade Wall |
| 21:41 | Build | Palisade Wall |
| 21:41 | Build | Palisade Wall |
| 22:00 | Build | Farm |
| 22:03 | Build | Farm |
| 22:22 | Create | Villager (Male) |
| 22:47 | Build | Farm |
| 22:59 | Age | Feudal Age |
| 23:04 | Build | Archery Range |
| 23:07 | Build | Palisade Wall |
| 23:11 | Research | Double-Bit Axe |
| 23:13 | Create | Villager (Male) |
| 23:14 | Build | Blacksmith |
| 23:23 | Build | Palisade Wall |
| 23:37 | Build | Farm |
| 23:40 | Build | Farm |
| 23:44 | Create | Villager (Male) |
| 23:48 | Research | Fletching |
| 23:51 | Build | Farm |
| 23:54 | Research | Horse Collar |
| 24:00 | Create | Archer |
| 24:00 | Create | Archer |
| 24:00 | Create | Archer |
| 24:00 | Create | Archer |
| 24:03 | Create | Villager (Male) |
| 24:05 | Build | House |
| 24:17 | Build | Farm |
| 24:31 | Build | Palisade Wall |
| 24:36 | Create | Villager (Male) |
| 24:36 | Create | Villager (Male) |
| 24:38 | Build | Farm |
| 24:48 | Build | Outpost |
| 25:01 | Create | Villager (Male) |
| 25:02 | Build | Market |
| 25:14 | Create | Villager (Male) |
| 25:18 | Build | Farm |
| 25:37 | Build | Palisade Wall |
| 25:38 | Build | Palisade Wall |
| 25:49 | Create | Archer |
| 25:49 | Create | Archer |
| 26:12 | Build | House |
| 26:23 | Create | Archer |
| 26:23 | Create | Archer |
| 26:26 | Create | Villager (Male) |
| 26:26 | Create | Villager (Male) |
| 26:27 | Create | Villager (Male) |
| 26:39 | Build | House |
| 26:40 | Create | Villager (Male) |
| 26:40 | Create | Villager (Male) |
Build order — Guthrie_Govan
First 150 of 223 actions detected
| 0:00 | Create | Villager (Male) |
| 0:00 | Create | Villager (Male) |
| 0:01 | Create | Villager (Male) |
| 0:01 | Create | Villager (Male) |
| 0:02 | Build | House |
| 0:20 | Research | Loom |
| 0:33 | Create | Villager (Male) |
| 0:46 | Create | Villager (Male) |
| 0:59 | Create | Villager (Male) |
| 1:57 | Build | Palisade Wall |
| 2:05 | Create | Villager (Male) |
| 2:05 | Create | Villager (Male) |
| 2:08 | Build | House |
| 2:52 | Create | Villager (Male) |
| 3:34 | Build | Palisade Wall |
| 3:46 | Build | Palisade Wall |
| 4:05 | Build | Palisade Wall |
| 4:21 | Build | Palisade Gate |
| 4:25 | Build | House |
| 4:30 | Build | House |
| 4:33 | Build | Palisade Wall |
| 4:35 | Create | Villager (Male) |
| 4:40 | Create | Villager (Male) |
| 4:52 | Build | House |
| 4:56 | Build | House |
| 5:22 | Create | Villager (Male) |
| 5:51 | Create | Villager (Male) |
| 5:51 | Create | Villager (Male) |
| 5:58 | Create | Villager (Male) |
| 7:12 | Build | House |
| 7:21 | Build | Palisade Wall |
| 7:24 | Build | Palisade Wall |
| 7:34 | Create | Villager (Male) |
| 7:35 | Create | Villager (Male) |
| 7:53 | Build | Lumber Camp |
| 7:59 | Create | Villager (Male) |
| 8:24 | Create | Villager (Male) |
| 9:33 | Build | Palisade Wall |
| 9:34 | Build | Palisade Wall |
| 9:42 | Build | Palisade Wall |
| 9:43 | Build | Palisade Wall |
| 10:04 | Create | Villager (Male) |
| 10:15 | Build | Palisade Wall |
| 10:26 | Build | Palisade Wall |
| 10:27 | Build | Palisade Wall |
| 10:28 | Build | Palisade Wall |
| 10:56 | Build | Palisade Wall |
| 11:11 | Create | Villager (Male) |
| 11:12 | Create | Villager (Male) |
| 11:12 | Create | Villager (Male) |
| 11:45 | Build | Palisade Wall |
| 11:46 | Build | Palisade Wall |
| 11:47 | Build | Palisade Wall |
| 12:19 | Create | Villager (Male) |
| 12:40 | Build | Palisade Wall |
| 12:47 | Build | Palisade Wall |
| 12:47 | Build | Palisade Wall |
| 12:49 | Build | Palisade Wall |
| 13:07 | Build | Mill |
| 13:34 | Build | Mill |
| 13:43 | Build | Palisade Wall |
| 13:44 | Build | Palisade Wall |
| 13:46 | Build | Palisade Wall |
| 13:47 | Build | Palisade Wall |
| 13:58 | Build | Palisade Wall |
| 14:05 | Build | Palisade Wall |
| 14:15 | Build | Palisade Wall |
| 14:21 | Build | Palisade Wall |
| 14:23 | Build | Palisade Wall |
| 14:37 | Build | House |
| 14:40 | Build | Palisade Wall |
| 14:51 | Build | Palisade Wall |
| 15:08 | Build | Palisade Wall |
| 15:40 | Create | Villager (Male) |
| 15:40 | Create | Villager (Male) |
| 15:41 | Create | Villager (Male) |
| 15:50 | Build | Palisade Wall |
| 16:00 | Build | Palisade Wall |
| 16:00 | Build | Palisade Wall |
| 16:08 | Create | Villager (Male) |
| 16:13 | Create | Villager (Male) |
| 16:49 | Create | Villager (Male) |
| 17:01 | Create | Villager (Male) |
| 17:32 | Create | Villager (Male) |
| 17:56 | Create | Villager (Male) |
| 18:01 | Build | House |
| 18:22 | Create | Villager (Male) |
| 18:53 | Build | Palisade Wall |
| 18:53 | Build | Palisade Wall |
| 18:57 | Build | Palisade Wall |
| 19:07 | Create | Villager (Male) |
| 19:26 | Build | House |
| 19:37 | Create | Villager (Male) |
| 20:36 | Research | Feudal Age |
| 20:36 | Research | Feudal Age |
| 20:46 | Build | Mining Camp |
| 21:31 | Build | Palisade Wall |
| 22:22 | Create | Villager (Male) |
| 22:35 | Build | House |
| 22:46 | Age | Feudal Age |
| 22:48 | Build | Market |
| 22:51 | Build | Blacksmith |
| 22:54 | Create | Villager (Male) |
| 23:09 | Build | Palisade Wall |
| 23:16 | Create | Villager (Male) |
| 24:01 | Create | Villager (Male) |
| 24:03 | Build | Farm |
| 24:16 | Build | Farm |
| 24:19 | Create | Villager (Male) |
| 24:55 | Create | Villager (Male) |
| 25:00 | Build | Farm |
| 25:01 | Build | Farm |
| 25:22 | Create | Villager (Male) |
| 25:24 | Build | Farm |
| 25:32 | Build | Palisade Wall |
| 25:37 | Build | Palisade Wall |
| 25:42 | Create | Villager (Male) |
| 26:01 | Build | Watch Tower |
| 26:11 | Build | Palisade Wall |
| 26:13 | Build | House |
| 26:23 | Build | Palisade Wall |
| 26:27 | Build | House |
| 26:27 | Build | Palisade Wall |
| 26:45 | Research | Castle Age |
| 26:46 | Research | Castle Age |
| 27:00 | Build | House |
| 27:48 | Build | House |
| 27:52 | Build | House |
| 27:56 | Build | House |
| 28:08 | Build | Palisade Wall |
| 28:18 | Build | Palisade Wall |
| 28:42 | Build | Farm |
| 29:14 | Build | Palisade Wall |
| 29:17 | Create | Villager (Male) |
| 29:23 | Build | Farm |
| 29:25 | Age | Castle Age |
| 29:27 | Build | Siege Workshop |
| 29:40 | Build | Palisade Wall |
| 29:41 | Create | Villager (Male) |
| 29:50 | Create | Villager (Male) |
| 29:52 | Build | Watch Tower |
| 29:54 | Research | Fletching |
| 29:55 | Research | Fletching |
| 29:59 | Create | Mangonel |
| 31:00 | Build | House |
| 31:02 | Build | House |
| 31:04 | Build | House |
| 31:09 | Build | House |
| 31:09 | Build | House |
| 31:18 | Create | Mangonel |
Match timeline
| 0:22 | Corzak · wall_segment Palisade Wall x6 |
| 1:11 | Corzak · wall_segment Palisade Wall x4 |
| 1:12 | Corzak · wall_segment Palisade Wall x4 |
| 1:57 | Guthrie_Govan · wall_segment Palisade Wall x1 |
| 1:57 | Corzak · wall_segment Palisade Wall x2 |
| 2:20 | Corzak · wall_segment Palisade Wall x4 |
| 2:33 | Corzak · wall_segment Palisade Wall x5 |
| 2:51 | Corzak · wall_segment Palisade Wall x1 |
| 3:34 | Guthrie_Govan · wall_segment Palisade Wall x1 |
| 3:46 | Guthrie_Govan · wall_segment Palisade Wall x1 |
| 3:56 | Corzak · wall_segment Palisade Wall x10 |
| 4:05 | Guthrie_Govan · wall_segment Palisade Wall x1 |
| 4:33 | Guthrie_Govan · wall_segment Palisade Wall x1 |
| 6:57 | Corzak · wall_segment Palisade Wall x1 |
| 6:58 | Corzak · wall_segment Palisade Wall x1 |
| 6:59 | Corzak · wall_segment Palisade Wall x1 |
| 7:01 | Corzak · wall_segment Palisade Wall x1 |
| 7:16 | Corzak · wall_segment Palisade Wall x1 |
| 7:20 | Corzak · wall_segment Palisade Wall x1 |
| 7:21 | Guthrie_Govan · wall_segment Palisade Wall x1 |
| 7:24 | Corzak · wall_segment Palisade Wall x1 |
| 7:24 | Guthrie_Govan · wall_segment Palisade Wall x1 |
| 7:27 | Corzak · wall_segment Palisade Wall x1 |
| 8:20 | Corzak · wall_segment Palisade Wall x5 |
| 9:33 | Guthrie_Govan · wall_segment Palisade Wall x1 |
| 9:34 | Guthrie_Govan · wall_segment Palisade Wall x1 |
| 9:42 | Guthrie_Govan · wall_segment Palisade Wall x1 |
| 9:43 | Guthrie_Govan · wall_segment Palisade Wall x1 |
| 10:09 | Corzak · wall_segment Palisade Wall x1 |
| 10:12 | Corzak · wall_segment Palisade Wall x1 |
| 10:13 | Corzak · wall_segment Palisade Wall x1 |
| 10:15 | Guthrie_Govan · wall_segment Palisade Wall x1 |
| 10:26 | Guthrie_Govan · wall_segment Palisade Wall x1 |
| 10:27 | Guthrie_Govan · wall_segment Palisade Wall x1 |
| 10:28 | Guthrie_Govan · wall_segment Palisade Wall x2 |
| 10:56 | Guthrie_Govan · wall_segment Palisade Wall x1 |
| 11:06 | Corzak · wall_segment Palisade Wall x1 |
| 11:08 | Corzak · wall_segment Palisade Wall x1 |
| 11:18 | Corzak · wall_segment Palisade Wall x1 |
| 11:45 | Guthrie_Govan · wall_segment Palisade Wall x1 |
| 11:46 | Guthrie_Govan · wall_segment Palisade Wall x1 |
| 11:47 | Guthrie_Govan · wall_segment Palisade Wall x1 |
| 12:35 | Corzak · wall_segment Palisade Wall x1 |
| 12:36 | Corzak · wall_segment Palisade Wall x1 |
| 12:40 | Guthrie_Govan · wall_segment Palisade Wall x1 |
| 12:47 | Guthrie_Govan · wall_segment Palisade Wall x1 |
| 12:47 | Guthrie_Govan · wall_segment Palisade Wall x1 |
| 12:49 | Guthrie_Govan · wall_segment Palisade Wall x1 |
| 13:43 | Guthrie_Govan · wall_segment Palisade Wall x1 |
| 13:44 | Guthrie_Govan · wall_segment Palisade Wall x1 |
| 13:46 | Guthrie_Govan · wall_segment Palisade Wall x1 |
| 13:47 | Guthrie_Govan · wall_segment Palisade Wall x1 |
| 13:58 | Guthrie_Govan · wall_segment Palisade Wall x1 |
| 14:05 | Guthrie_Govan · wall_segment Palisade Wall x1 |
| 14:15 | Guthrie_Govan · wall_segment Palisade Wall x1 |
| 14:21 | Guthrie_Govan · wall_segment Palisade Wall x1 |
| 14:23 | Guthrie_Govan · wall_segment Palisade Wall x1 |
| 14:40 | Guthrie_Govan · wall_segment Palisade Wall x1 |
| 14:51 | Guthrie_Govan · wall_segment Palisade Wall x1 |
| 15:08 | Guthrie_Govan · wall_segment Palisade Wall x1 |
| 15:31 | Corzak · wall_segment Palisade Wall x5 |
| 15:31 | Corzak · wall_segment Palisade Wall x1 |
| 15:50 | Corzak · wall_segment Palisade Wall x1 |
| 15:50 | Guthrie_Govan · wall_segment Palisade Wall x8 |
| 15:52 | Corzak · wall_segment Palisade Wall x6 |
| 16:00 | Guthrie_Govan · wall_segment Palisade Wall x1 |
| 16:00 | Guthrie_Govan · wall_segment Palisade Wall x1 |
| 16:35 | Corzak · wall_segment Palisade Wall x6 |
| 16:35 | Corzak · wall_segment Palisade Wall x3 |
| 16:43 | Corzak · wall_segment Palisade Wall x1 |
| 16:44 | Corzak · wall_segment Palisade Wall x1 |
| 16:45 | Corzak · wall_segment Palisade Wall x1 |
| 16:46 | Corzak · wall_segment Palisade Wall x5 |
| 18:53 | Guthrie_Govan · wall_segment Palisade Wall x1 |
| 18:53 | Guthrie_Govan · wall_segment Palisade Wall x1 |
| 18:54 | Corzak · wall_segment Palisade Wall x1 |
| 18:57 | Guthrie_Govan · wall_segment Palisade Wall x1 |
| 20:30 | Corzak · first_building Barracks |
| 21:31 | Guthrie_Govan · wall_segment Palisade Wall x1 |
| 21:35 | Corzak · wall_segment Palisade Wall x1 |
| 21:41 | Corzak · wall_segment Palisade Wall x1 |
| 21:41 | Corzak · wall_segment Palisade Wall x1 |
| 22:46 | Guthrie_Govan · age_up feudal |
| 22:59 | Corzak · age_up feudal |
| 23:04 | Corzak · first_building Archery Range |
| 23:07 | Corzak · wall_segment Palisade Wall x1 |
| 23:09 | Guthrie_Govan · wall_segment Palisade Wall x1 |
| 23:23 | Corzak · wall_segment Palisade Wall x1 |
| 24:31 | Corzak · wall_segment Palisade Wall x4 |
| 25:02 | Guthrie_Govan · first_market_sell 100 wood |
| 25:04 | Guthrie_Govan · first_market_buy 100 food |
| 25:32 | Guthrie_Govan · wall_segment Palisade Wall x1 |
| 25:37 | Corzak · wall_segment Palisade Wall x1 |
| 25:37 | Guthrie_Govan · wall_segment Palisade Wall x1 |
| 25:38 | Corzak · wall_segment Palisade Wall x1 |
| 26:11 | Guthrie_Govan · wall_segment Palisade Wall x10 |
| 26:23 | Guthrie_Govan · wall_segment Palisade Wall x7 |
| 26:27 | Guthrie_Govan · wall_segment Palisade Wall x1 |
| 27:21 | Corzak · first_market_buy 100 food |
| 27:21 | Corzak · first_market_sell 500 wood |
| 28:08 | Guthrie_Govan · wall_segment Palisade Wall x1 |
| 28:18 | Guthrie_Govan · wall_segment Palisade Wall x1 |
| 29:14 | Guthrie_Govan · wall_segment Palisade Wall x1 |
| 29:25 | Guthrie_Govan · age_up castle |
| 29:27 | Guthrie_Govan · first_building Siege Workshop |
| 29:40 | Guthrie_Govan · wall_segment Palisade Wall x1 |
| 29:40 | Corzak · wall_segment Stone Wall x12 |
| 29:51 | Corzak · wall_segment Palisade Wall x1 |
| 30:02 | Corzak · wall_segment Palisade Wall x2 |
| 30:28 | Corzak · age_up castle |
| 30:39 | Corzak · first_building Siege Workshop |
| 33:04 | Corzak · first_building Monastery |
| 33:26 | Guthrie_Govan · wall_segment Palisade Wall x1 |
| 35:42 | Guthrie_Govan · wall_segment Palisade Wall x2 |
| 36:07 | Corzak · wall_segment Palisade Wall x1 |
| 36:08 | Corzak · wall_segment Palisade Wall x1 |
| 36:09 | Corzak · wall_segment Palisade Wall x1 |
| 36:40 | Corzak · first_building Castle |
| 38:10 | Corzak · age_up imperial |
| 39:07 | Guthrie_Govan · wall_segment Stone Wall x5 |
| 39:30 | Guthrie_Govan · wall_segment Stone Wall x5 |
| 39:37 | Guthrie_Govan · wall_segment Stone Wall x1 |
| 39:37 | Guthrie_Govan · wall_segment Stone Wall x1 |
| 39:38 | Guthrie_Govan · wall_segment Stone Wall x1 |
| 39:39 | Guthrie_Govan · wall_segment Stone Wall x1 |
| 39:40 | Guthrie_Govan · wall_segment Stone Wall x1 |
| 39:52 | Guthrie_Govan · resign |
[ AI ANALYSIS · 1 CREDIT ]
What really happened in this match?
Wolo.gg analyzes every decision: build order, eco, micro, common mistakes by bracket. Personalized analysis on WhatsApp or Discord in 30 seconds.
Civ guide
Bohemians
Perfil
Corzak